AoeStats
← Pwncakes

Pilgrims

508309175Analyzed
2v2 RM · 11d ago on Sep 21, 2026· 19m 57s· 4 players
Game mode
Random Map
Map size
Medium (4 player)
Population
200
Speed
Normal
Resources
Standard
Victory
Conquest
Starting age
Dark Age
Ending age
Imperial Age
RankedLock teamsTeams togetherTeam positionsShared explorationLock speedFull tech treeHidden civsTurbo modeCheats
Victory
Defeat
🇩🇰 Ethiopians · Denmark
1415
+14
🇨🇭 Dravidians · Switzerland
1391
+15
🇺🇸 Mapuche · United States
1391
-16
🇨🇱 Japanese · Chile
1342
-13
Pwncakes
5:25 Loom
10:44 Feudal Age
11:42 Double-Bit Axe
13:10 Gold Mining
17:08 Castle Age
15:36 Fletching
15:54 Fishing Lines
16:09 Fishing Lines
18:02 Medium Warships
17:48 Bodkin Arrow
18:38 Bow Saw
20:28 Ballistics
20:21 Forging
Drogadiccionman
7:47 Loom
10:04 Feudal Age
11:21 Double-Bit Axe
12:11 Town Watch
18:09 Wheelbarrow
20:47 Castle Age
tailwindhighhorses
5:10 Loom
9:35 Feudal Age
10:14 Gold Mining
10:12 Double-Bit Axe
14:50 Castle Age
13:20 Stone Mining
14:02 Town Watch
14:59 Fletching
16:01 Bow Saw
15:58 Horse Collar
Sun Tzu 1337
4:59 Loom
11:25 Feudal Age
13:17 Double-Bit Axe
13:58 Forging
14:07 Fishing Lines
17:29 Castle Age
18:34 Medium Warships
19:08 Bow Saw
Connection lost

Rejoining the realm…

Still unreachable

The connection could not be restored.

Session expired

The server has moved on; the page needs a fresh start.